 Dungeon Crawl Stone Soup version 0.31-a0-960-g0fca184906 (webtiles) character file.

Game seed: 15489560786948770085

100 Newt the Shooter (level 5, -1/35 HPs)
             Began as a Kobold Hunter on Oct 23, 2023.
             Slain by a hobgoblin (4 damage)
             ... led by Robin
             ... on level 3 of the Dungeon.
             The game lasted 00:01:47 (2268 turns).

Newt the Shooter (Kobold Hunter)                    Turns: 2268, Time: 00:01:47

Health: -1/35      AC:  3    Str:  9    XL:     5   Next: 3%
Magic:  5/5        EV: 14    Int: 10    God:
Gold:   2200       SH:  0    Dex: 20    Spells: 4/4 levels left

rFire   . . .        a - +0 shortbow
rCold   . . .        (shield currently unavailable)
rNeg    . . .        c - +0 leather armour
rPois   .            (no helmet)
rElec   .            (no cloak)
rCorr   .            (no gloves)
SInv    .            (no boots)
Will    .....        (no amulet)
Stlth   +++          (no ring)
HPRegen 0.25/turn    (no ring)
MPRegen 0.09/turn

%: no passive effects
@: no status effects
A: small, no large weapons, nightstalker 3
a: no special abilities


You were on level 3 of the Dungeon.
You visited 1 branch of the dungeon, and saw 4 of its levels.

You collected 2200 gold pieces.

Inventory:

Hand Weapons
 a - a +0 shortbow (weapon)
Armour
 c - a +0 leather armour (worn)
Jewellery
 g - a ring of fire
Scrolls
 b - a scroll of butterflies
 e - a scroll of noise
 i - a scroll of teleportation {unknown}
 m - a scroll of enchant weapon {unknown}
Potions
 d - a potion of haste
 h - 3 potions of degeneration
 j - a potion of cancellation
 l - a potion of curing {unknown}
 n - a potion of enlightenment {unknown}


   Skills:
 - Level 5.0 Fighting
 + Level 5.7 Ranged Weapons
 - Level 2.4 Dodging
 - Level 1.3 Stealth


You had 4 spell levels left.
You didn't know any spells.
Your spell library contained the following spells:

 Spells                   Type           Power      Damage    Failure   Level
 Apportation              Tloc           0%         N/A       47%         1
 Necrotise                Necr           0%         1d4       47%         1
 Summon Small Mammal      Summ           0%         N/A       47%         1


Dungeon Overview and Level Annotations

Branches:
Dungeon (4/15)
 Temple: D:4-7

Altars:


Innate Abilities, Weirdness & Mutations

You are small and have problems with some larger weapons.
You are completely attuned to the shadows.


Message History

The goblin hits you with a +0 dagger. The goblin hits you but does no damage.
There is a stone staircase leading up here.
You shoot an arrow. The arrow hits the goblin.
You kill the goblin!
The goblin hits you with a +0 club. The hobgoblin hits you.
Unknown command.
The goblin closely misses you. The hobgoblin hits you. x2
You climb upwards.
There is a stone staircase leading down here.
Unknown command.
You shoot an arrow. The arrow barely misses the hobgoblin.
The hobgoblin hits you. The goblin hits you with a +0 club.
The hobgoblin hits you. x2; The goblin hits you with a +0 club.
* * * LOW HITPOINT WARNING * * *
You are too injured to fight recklessly!
Unknown command.
You shoot an arrow. The arrow barely misses the hobgoblin.
The hobgoblin barely misses you. x2; The goblin closely misses you.
Unknown command.
You shoot an arrow. The arrow closely misses the hobgoblin.
The hobgoblin hits you.
* * * LOW HITPOINT WARNING * * *
The hobgoblin misses you. The goblin misses you.
The hobgoblin barely misses you.
Unknown command.
Unknown command.
You shoot an arrow. The arrow barely misses the goblin.
The hobgoblin hits you.
* * * LOW HITPOINT WARNING * * *
The goblin hits you with a +0 club.
* * * LOW HITPOINT WARNING * * *
The hobgoblin completely misses you.
Unknown command.
Unknown command.
Okay, then.
As you read the scroll of butterflies, it crumbles to dust.
You hear the flapping of tiny wings.
The goblin is knocked back by the sudden gust.
The hobgoblin is knocked back by the sudden gust. x2
The hobgoblin hits you.
You die...

#.#......####.........###
..'......'..'........##.##
#.#......####........#†..#
..######## #........#.8.#
..# ####'#...#...# ..#
#.#...##÷## ..#
########'####### ..#
##gbb##÷..##...## ..#
#@g8b)'.8....8.># ..#
##gbb##...##...## ..###
#################.#######
....###..........###....#
###..##..........##..####
##.##..........'..##
#.##..........#..#
#.##............##
#.##............#########


You could see 2 hobgoblins and a goblin.

Vanquished Creatures
  5 adders (D:2)
  A worm (D:3)
  2 dart slugs
  5 bats
  3 endoplasms
  3 giant cockroaches
  6 goblins
  A hobgoblin (D:2)
  2 jackals (D:2)
  6 kobolds
  A quokka (D:1)
  6 ball pythons
  4 frilled lizards
  5 rats
50 creatures vanquished.

Notes
Turn   | Place    | Note
-------+----------+-------------------------------------------
     0 | D:1      | Newt the Kobold Hunter began the quest for the Orb.
     0 | D:1      | Reached XP level 1. HP: 12/12 MP: 1/1
   152 | D:1      | Reached XP level 2. HP: 18/18 MP: 2/2
   999 | D:2      | Reached XP level 3. HP: 10/24 MP: 3/3
  1238 | D:2      | Found a faded altar of an unknown god.
  1276 | D:2      | Reached XP level 4. HP: 29/30 MP: 4/4
  1645 | D:3      | Reached skill level 5 in Fighting
  2233 | D:4      | Identified 2 scrolls of acquirement
  2233 | D:4      | Acquired 1020 gold pieces
  2235 | D:4      | Acquired 1071 gold pieces
  2246 | D:4      | Reached XP level 5. HP: 35/35 MP: 5/5
  2268 | D:3      | Slain by a hobgoblin

Illustrated notes

Levels and vault maps discovered:
D:1:      dpeg_arrival_orchard, layout_basic
D:2:      layout_rooms, shapermc_ecumenical_altar_mp_ritualfount
D:3:      layout_basic, nicolae_overflow_hidden_temple, grunt_ministairs_5
D:4:      layout_cave_pools, chequers_temple_overflow_minitemple, uniq_robin,
          uniq_grinder

Skill      XL: |  1  2  3  4 |
---------------+-------------+-----
Fighting       | 3 4 5 |  5.0
Ranged Weapons | |  5.7
Dodging        | |  2.4
Stealth        | |  1.3

Action                     |  1- 3 |  4- 6 || total
---------------------------+-------+-------++-------
   Fire: Shortbow          |    56 |    59 ||   115
    Use: Scroll            |     3 |     4 ||     7
 Armour: Leather armour    |    12 |    23 ||    35
  Dodge: Dodged            |    17 |    32 ||    49

Table legend: (Time is in decaauts)
 A = Elapsed time spent in this place.
 B = Non-inter-level travel time spent in this place.
 C = Inter-level travel time spent in this place.
 D = Time resting spent in this place.
 E = Time spent auto-exploring this place.
 F = Levels seen in this place.
 G = Mean time per level.
                   A        B        C        D        E       F      G
               +--------+--------+--------+--------+--------+-----+--------+
         Total |   2290 |   2156 |    134 |     70 |   1845 |   4 |  572.5 |
       Dungeon |   2290 |   2156 |    134 |     70 |   1845 |   4 |  572.5 |
               +--------+--------+--------+--------+--------+-----+--------+

Top non-repeatable levels by time:
     D:1: 998 daAuts
     D:3: 644 daAuts
     D:2: 610 daAuts
     D:4: 36 daAuts
